 Dungeon Crawl Stone Soup version 0.27.0-1-g7a089689b8 (webtiles) character file.

Game seed: 14112926357526641860

83 ZombieSheep the Skirmisher (level 4, -4/41 HPs)
             Began as a Ghoul Monk on Aug 4, 2021.
             Killed from afar by Sigmund (5 damage)
             ... with a puff of flame
             ... on level 3 of the Dungeon.
             The game lasted 00:03:01 (2254 turns).

ZombieSheep the Skirmisher (Ghoul Monk)             Turns: 2254, Time: 00:03:01

Health: -4/41      AC:  6    Str: 15    XL:     4   Next: 44%
Magic:  3/3        EV: 10    Int:  5    God:
Gold:   56         SH:  0    Dex: 11    Spells: 3/3 levels left

rFire    . . .     SeeInvis .   a - +1 hand axe (vorpal)
rCold    + . .     Faith    .   (no shield)
rNeg     + + +     Spirit   .   i - +0 scale mail
rPois    ∞         Reflect  .   (no helmet)
rElec    .         Harm     .   (no cloak)
rCorr    .         Rampage  .   (no gloves)
Will     .....                  (no boots)
Stlth    ..........             (no amulet)
HPRegen  0.00/turn              (no ring)
MPRegen  0.08/turn              (no ring)

@: inhibited regen, hasted, very quick
A: claws 1, cold resistance 1, negative energy resistance 3, inhibited
regeneration, torment resistance 2
a: no special abilities


You were on level 3 of the Dungeon.
You visited 1 branch of the dungeon, and saw 3 of its levels.

You collected 56 gold pieces.

Inventory:

Hand Weapons
 a - a +1 vorpal hand axe (weapon)
Armour
 i - a +0 scale mail (worn)
Jewellery
 d - a ring of magical power
Scrolls
 f - a scroll of identify
 g - a scroll of enchant weapon
 h - a scroll of magic mapping {unknown}
 j - a scroll of enchant armour
Potions
 b - a potion of heal wounds {unknown}
 c - 2 potions of curing


   Skills:
 * Level 4.3 Fighting
 + Level 3.1 Axes
 + Level 1.3 Armour
 + Level 3.1 Dodging
 - Level 2.1 Stealth


You had 3 spell levels left.
You didn't know any spells.
Your spell library contained the following spells:

 Spells                   Type           Power      Damage    Failure   Level
 Ozocubu's Armour         Ice            0%         N/A       99%         3
 Ozocubu's Refrigeration  Ice            0%         4d5       100%        7


Dungeon Overview and Level Annotations

Branches:
Dungeon (3/15)

Altars:
Hepliaklqana

Shops:
D:2 *   D:3 *

Annotations:
D:3 2 runed translucent doors, Sigmund; howech's ghost, amateur MiGl


Innate Abilities, Weirdness & Mutations

You thrive by killing the living.
You are immune to poison.
You have sharp fingernails.
Your flesh is cold resistant. (rC+)
You are immune to negative energy. (rN+++)
You do not regenerate when monsters are visible.
You are immune to unholy pain and torment.


Message History

Found a hand axe.
You see here a +0 hand axe.
You open the door.
Sigmund the Dreaded comes into view.
He is wielding a +0 scythe and carrying a wand of flame (15).
Sigmund shouts!
Sigmund zaps a wand.
The puff of flame hits you.
You feel yourself speed up.
Sigmund mumbles some strange words.
Sigmund flickers and vanishes!
Deactivating autopickup; reactivate with Ctrl-A.
There is an open door here.
You hear a zap.
A puff of flame appears from out of thin air!
The puff of flame hits you!
You closely miss something.
You hear a zap.
A puff of flame appears from out of thin air!
The puff of flame hits you.
You closely miss something. You closely miss something. Something hits you!
You closely miss something. Something hits you but does no damage.
You miss something. Something hits you.
You closely miss something. Something hits you.
* * * LOW HITPOINT WARNING * * *
You miss something. You closely miss something.
You hear a zap.
A puff of flame appears from out of thin air!
The puff of flame hits you.
* * * LOW HITPOINT WARNING * * *
You hit something. Something hits you.
* * * LOW HITPOINT WARNING * * *
You hit something. Something hits you.
* * * LOW HITPOINT WARNING * * *
You barely miss something. You hit something.
You hear a zap.
A puff of flame appears from out of thin air!
The puff of flame hits you.
You die...

####.# #.# ###.# ##.....##
####.# ##.#.# ##.......##
##.##.###
##....###.........####.......#
#.......+.........+......###..
##....###.........####...# #.#
##...# #.......# ##..###.#
#.### #..{..# ##...... #.#
#.@.# ###.### #.# ##'## #.#
#.#########.###### #.#
#..............).# #.#
#..######.#(####.## #.# #..#
#.........# #.# ##..#
####..[..##..# #.#
#...###........##..######.#
#..........#.#............#


There were no monsters in sight!

Vanquished Creatures
  Jessica (D:3)
  2 adders
  2 dart slugs
  4 endoplasms
  5 goblins
  4 hobgoblins
  3 jackals (D:1)
  2 quokkas
  3 ball pythons
  3 bats
  A frilled lizard (D:1)
  A kobold (D:3)
  3 rats (D:1)
34 creatures vanquished.

Vanquished Creatures (others)
  3 plants (D:1)
3 creatures vanquished.

Grand Total: 37 creatures vanquished

Notes
Turn   | Place    | Note
-------+----------+-------------------------------------------
     0 | D:1      | ZombieSheep the Ghoul Monk began the quest for the Orb.
     0 | D:1      | Reached XP level 1. HP: 19/19 MP: 0/0
   280 | D:1      | Reached XP level 2. HP: 24/26 MP: 1/1
   670 | D:1      | Found a faded altar of an unknown god.
  1231 | D:2      | Reached XP level 3. HP: 31/33 MP: 2/2
  1382 | D:2      | Reached skill level 4 in Fighting
  1382 | D:2      | Reached skill level 1 in Armour
  1454 | D:2      | Found Heoloi Wyps's General Store.
  1465 | D:2      | You fall into a shaft and drop 1 floor!
  1808 | D:3      | Found Geaguh's General Store.
  1936 | D:3      | Noticed Jessica
  1940 | D:3      | Killed Jessica
  1941 | D:3      | Reached XP level 4. HP: 41/41 MP: 3/3
  1951 | D:3      | Found a hazy altar of Hepliaklqana.
  2120 | D:3      | Found a large runed translucent door.
  2121 | D:3      | Found a large runed translucent door.
  2122 | D:3      | Noticed howech's ghost (amateur MiGl)
  2239 | D:3      | Noticed Sigmund
  2252 | D:3      | HP: 1/41 [something (3)]
  2254 | D:3      | Killed from afar by Sigmund

Illustrated notes

Levels and vault maps discovered:
D:1:      dpeg_arrival_tiny_k, layout_loops_corners,
          shapermc_ecumenical_altar_ellora
D:2:      layout_basic, serial_shops, shop
D:3:      layout_loops_corners, tso_metal_star, lemuel_doored_altar,
          ebering_ghost_disaster_area, serial_shops, nicolae_diamond_shop,
          st_stairs_1, dk_noncrumbling_3, uniq_sigmund, uniq_jessica,
          uniq_crazy_yiuf_cottage

Skill      XL: |  1  2  3 |
---------------+----------+-----
Axes           | 3 |  3.1
Dodging        | 3 |  3.1
Fighting       | 4 |  4.3
Armour         | 1 |  1.3
Stealth        | |  2.1

Action                   |  1- 3 |  4- 6 || total
-------------------------+-------+-------++-------
Melee: Hand axe          |    89 |    21 ||   110
  Use: Scroll            |     7 |       ||     7
       Potion            |       |     1 ||     1
 Stab: Sleeping          |     4 |     1 ||     5
Armor: Robe              |    19 |     2 ||    21
       Scale mail        |       |     1 ||     1
Dodge: Dodged            |    53 |     5 ||    58
